 Dungeon Crawl Stone Soup version 0.30.1-11-g7821555f0a (webtiles) character file.

Game seed: 5291598915433026746

72 SacredBeard the Vexing (level 4, -6/25 HPs)
             Began as a Deep Elf Hexslinger on Oct 30, 2023.
             Killed by nerve-wracking pain
             ... invoked by Grinder
              (9 damage)
             ... on level 3 of the Dungeon.
             The game lasted 00:06:15 (1997 turns).

SacredBeard the Vexing (Deep Elf Hexslinger)        Turns: 1997, Time: 00:06:16

Health: -6/25      AC: 10    Str:  7    XL:     4   Next: 6%
Magic:  1/9        EV: 12    Int: 18    God:
Gold:   104        SH:  0    Dex: 17    Spells: 3/7 levels left

rFire   . . .        p - +1 whip (pain)
rCold   . . .        (no shield)
rNeg    . . .        g - +0 leather armour
rPois   .            (no helmet)
rElec   .            (no cloak)
rCorr   .            (no gloves)
SInv    .            s - +2 pair of boots
Will    .....        (no amulet)
Stlth   +            j - +4 ring of protection
HPRegen 0.24/turn    (no ring)
MPRegen 0.11/turn

%: no passive effects
@: mighty
A: no striking features
a: no special abilities


You were on level 3 of the Dungeon.
You visited 1 branch of the dungeon, and saw 3 of its levels.

You collected 104 gold pieces.

Inventory:

Hand Weapons
 a - a +1 sling
 p - a +1 whip of pain (weapon)
 t - a +0 arbalest
Armour
 g - a +0 leather armour (worn)
 s - a +2 pair of boots (worn)
Jewellery
 j - a +4 ring of protection (left hand)
Scrolls
 b - a scroll of poison
 c - a scroll of brand weapon {unknown}
 e - a scroll of butterflies {unknown}
 h - 2 scrolls of enchant armour {unknown}
 i - a scroll of fog {unknown}
 k - a scroll of vulnerability {unknown}
 l - 2 scrolls of magic mapping {unknown}
 n - 2 scrolls of identify {unknown}
 o - 2 scrolls of teleportation {unknown}
 r - 2 scrolls of fear {unknown}
 u - a scroll of immolation {unknown}
Potions
 d - a potion of curing
 f - a potion of might
 m - a potion of attraction {unknown}
 q - 3 potions of degeneration {unknown}


   Skills:
 - Level 1.0 Fighting
 * Level 4.1 Ranged Weapons
 - Level 1.0 Armour
 + Level 3.0 Dodging
 + Level 2.3 Spellcasting
 + Level 4.4 Hexes


You had 3 spell levels left.
You knew the following spells:

 Your Spells              Type           Power      Damage    Failure   Level
a - Slow                  Hex            72%        N/A       4%          1
b - Inner Flame           Hex/Fire       10%        N/A       30%         3

Your spell library contained the following spells:

 Spells                   Type           Power      Damage    Failure   Level
 Portal Projectile        Hex/Tloc       20%        N/A       30%         3
 Cause Fear               Hex            9%         N/A       38%         4


Dungeon Overview and Level Annotations

Branches:
Dungeon (3/15) Zot: 15967

Altars:

Annotations:
D:3 Grinder


Message History

Press: ? - help, Shift-Dir - straight line, f/p - Grinder
Aim: Grinder (lightly wounded, 57% to hit)
You shoot a sling bullet. The sling bullet barely misses Grinder.
You are too injured to fight recklessly!
Casting: Slow (safe; 4% risk of failure)
Confirm with . or Enter, or press ? or * to list all spells.
Aiming: Slow (safe; 4% risk of failure)
Press: ? - help, Shift-Dir - straight line, f/p - Grinder
Aim: Grinder (lightly wounded, chance to affect: 50%)
You miscast Slow.
You are very lightly contaminated with residual magic.
Nothing appears to happen.
Casting: Slow (safe; 4% risk of failure)
Confirm with . or Enter, or press ? or * to list all spells.
Aiming: Slow (safe; 4% risk of failure)
Press: ? - help, Shift-Dir - straight line, f/p - Grinder
Aim: Grinder (lightly wounded, chance to affect: 50%) Grinder resists with significant effort.
Grinder blinks!
You have a feeling of ineptitude.
p - a +1 whip of pain (weapon)
Grinder gestures at you.
You suddenly lose the ability to move!
Grinder hits you.
You writhe in agony.
Grinder hits you but does no damage. Grinder barely misses you.
Grinder hits you but does no damage.
You can move again.
It was a potion of might.
You feel very mighty all of a sudden. Grinder hits you.
* * * LOW HITPOINT WARNING * * *
You writhe in agony.
* * * LOW HITPOINT WARNING * * *
Your magical contamination has completely faded away.
You whack Grinder!
Grinder is heavily wounded.
Grinder gestures at you. Pain shoots through your body!
You die...

#.. #.#
###.#####
#.......#
#.#.###.#
#....##.#
#....##.#
#5...##.#
#@##.##5#
#.......#
####.####
#.#########
#.#.......#
#.#.#####.#
#.#.#####.# ##
#......##.# #.
###.#...#.####.


You could see Grinder.

Vanquished Creatures
  An adder (D:2)
  A gnoll (D:1)
  An orc (D:3)
  5 ball pythons
  3 endoplasms
  2 giant cockroaches
  6 goblins
  2 hobgoblins
  A kobold (D:2)
  7 quokkas
  9 bats
  A frilled lizard (D:2)
  7 rats
46 creatures vanquished.

Notes
Turn   | Place    | Note
-------+----------+-------------------------------------------
     0 | D:1      | SacredBeard the Deep Elf Hexslinger began the quest for the
                  | Orb.
     0 | D:1      | Reached XP level 1. HP: 11/11 MP: 5/5
   141 | D:1      | Reached XP level 2. HP: 16/16 MP: 6/6
   297 | D:1      | Reached skill level 1 in Fighting
   854 | D:1      | Reached XP level 3. HP: 20/20 MP: 8/8
   858 | D:1      | Learned a level 3 spell: Inner Flame
  1479 | D:2      | Reached skill level 1 in Armour
  1757 | D:3      | Reached XP level 4. HP: 25/25 MP: 9/9
  1937 | D:3      | Noticed Grinder
  1943 | D:3      | Paralysed by Grinder for 4 turns
  1991 | D:3      | Paralysed by Grinder for 4 turns
  1997 | D:3      | Killed from afar by Grinder

Illustrated notes

Levels and vault maps discovered:
D:1:      ncdulo_lavacross, layout_basic
D:2:      layout_basic
D:3:      layout_loops_cross, item_on_display_a, uniq_grinder

Skill      XL: |  1  2  3 |
---------------+----------+-----
Ranged Weapons | 3 4 |  4.1
Fighting       | 1 |  1.0
Spellcasting   | 2 |  2.3
Armour         | 1 |  1.0
Dodging        | 3 |  3.0
Hexes          | |  4.4

Action                     |  1- 3 |  4- 6 || total
---------------------------+-------+-------++-------
  Melee: Whip              |     7 |    15 ||    22
   Fire: Sling             |   123 |    10 ||   133
   Cast: Slow              |       |    12 ||    12
    Use: Potion            |     1 |     2 ||     3
 Armour: Robe              |     2 |       ||     2
         Leather armour    |    24 |    12 ||    36
  Dodge: Dodged            |    38 |    10 ||    48
